 Dungeon Crawl Stone Soup version 0.27.1-34-g3ba077fa99 (webtiles) character file.

Game seed: 2002171994774421065

1537 cbfl8 the Chopper (level 8, -1/64 (68) HPs)
             Began as a Minotaur Delver on Jan 21, 2022.
             Was a Believer of Yredelemnul.
             Slain by a wight (3 damage)
             ... on level 6 of the Dungeon.
             The game lasted 00:18:01 (7073 turns).

cbfl8 the Chopper (Minotaur Delver)                 Turns: 7073, Time: 00:18:01

HP:   -1/64 (68)    AC: 14    Str: 16    XL:     8   Next: 56%
MP:   19/19         EV:  8    Int:  8    God:    Yredelemnul [**....]
Gold: 179           SH:  0    Dex: 15    Spells: 11/11 levels left

rFire    . . .     SeeInvis .   k - +2 dagger (venom)
rCold    . . .     Faith    .   (no shield)
rNeg     . . .     Spirit   .   A - +0 chain mail
rPois    .         Reflect  .   (helmet restricted)
rElec    .         Harm     .   w - +0 cloak
rCorr    .         Rampage  .   h - +2 pair of gloves "Luheicwix" {Dex+3}
Will     .....     Rnd*Tele +   (no boots)
Stlth    ..........             (no amulet)
HPRegen  0.20/turn              y - ring of magical power
MPRegen  0.16/turn              (no ring)

@: drained
A: horns 2, retaliatory headbutt, teleportitis 1, weak 1
a: Renounce Religion, Animate Remains, Recall Undead Slaves, Injury Mirror


You were on level 6 of the Dungeon.
You worshipped Yredelemnul.
Yredelemnul was pleased with you.
You visited 2 branches of the dungeon, and saw 7 of its levels.

You collected 179 gold pieces.

Inventory:

Hand Weapons
 a - a +0 hand axe
 k - a +2 dagger of venom (weapon)
Missiles
 l - 17 poisoned darts (quivered)
 m - 33 arrows
 t - 3 datura-tipped darts
 C - 4 atropa-tipped darts
Armour
 b - a +0 leather armour
 h - the +2 pair of gloves "Luheicwix" (worn) {Dex+3}
   (You found it on level 4 of the Dungeon)

   Dex:       It affects your dexterity (+3).
 i - the +2 hat of the Arcane {rCorr Str+3 Stlth+}
   (You acquired it on level 5 of the Dungeon)

   Str:       It affects your strength (+3).
   rCorr:     It protects you from acid and corrosion.
   Stlth:     It makes you more stealthy.
 o - a +0 helmet
 w - a +0 cloak (worn)
 A - a +0 chain mail (worn)
Jewellery
 y - a ring of magical power (left hand)
Wands
 g - a wand of digging (3)
Scrolls
 c - a scroll of fog
 d - 2 scrolls of magic mapping
 e - 2 scrolls of fear
 j - 2 scrolls of identify
 p - 2 scrolls of vulnerability {unknown}
 q - a scroll of teleportation {unknown}
 r - a scroll of noise {unknown}
 s - a scroll of summoning
 v - a scroll of enchant weapon {unknown}
 x - 3 scrolls of holy word {unknown}
Potions
 f - 3 potions of haste
 n - a potion of attraction
 u - a potion of degeneration {unknown}
 z - a potion of lignification
 B - a potion of brilliance {unknown}


   Skills:
 + Level 5.1 Fighting
 + Level 0.7 Short Blades
 + Level 6.7 Axes
 + Level 5.3 Armour
 + Level 4.2 Dodging
 * Level 6.0 Stealth
 * Level 2.3 Spellcasting
 + Level 2.3 Invocations


You had 11 spell levels left.
You didn't know any spells.
Your spell library was empty.

Dungeon Overview and Level Annotations

Branches:
Dungeon (6/15)             Temple (1/1) D:4

Altars:
Ashenzari
Cheibriados
Nemelex Xobeh
Okawaru
Qazlal
Ru
Trog
Vehumet
Wu Jian
Xom
Yredelemnul
The Shining One


Innate Abilities, Weirdness & Mutations

You have a pair of horns on your head.
You reflexively headbutt those who attack you in melee.
You are occasionally teleported next to monsters.
You are weak. (Str -2)


Message History

The wight is lightly damaged.
The wight hits you with a +2 morningstar.
* * * LOW HITPOINT WARNING * * *
You feel drained.
* * * LOW HITPOINT WARNING * * *
Your adder zombie misses the wight.
You closely miss the wight.
The wight is lightly damaged.
The wight closely misses you.
Your adder zombie barely misses the wight.
You hit the wight but do no damage.
The wight is lightly damaged.
The wight hits you but does no damage.
Your adder zombie bites the wight but does no damage.
Unknown command.
You hit the wight.
The wight is moderately damaged.
The wight hits you with a +2 morningstar!
* * * LOW HITPOINT WARNING * * *
You feel drained.
Your adder zombie misses the wight.
Unknown command.
You hit the wight. You headbutt the wight.
The wight is heavily damaged.
Your adder zombie misses the wight.
The wight hits you with a +2 morningstar.
* * * LOW HITPOINT WARNING * * *
You can't see any enemies this would affect, really read the scroll of fear? [Y]es or [N]o only, please.
You can't see any enemies this would affect, really read the scroll of fear?
Okay, then.
As you read the scroll of fog, it crumbles to dust.
The scroll dissolves into smoke.
Your adder zombie barely misses the wight.
The wight closely misses you. You furiously retaliate!
You headbutt the wight.
As you read the scroll of summoning, it crumbles to dust.
Wisps of shadow whirl around you...
Your adder zombie barely misses the wight.
The wight hits you with a +2 morningstar.
You die...
Your body rises from the dead as a mindless zombie.

###......[..#........
.....##......#.###
##########.#.#.#.+ .
............#..
#######.#.#....
#..........
#.#)..###..
#.#####+#........
#...OZ@§.....####
#:..?.z§z§.........
.......nz§zg....####
##.##.>....g.##.... #
#........# .##.#
#.........>.. #
#.........####
...#+#.....


You could see a wight (ally target), a friendly ogre (summoned), a friendly
necrophage (summoned), 3 friendly wights, 2 friendly gnolls and a friendly adder
zombie.

Vanquished Creatures
  Grinder (D:4)
  Sigmund (D:5)
  An orc warrior (D:5)
  2 sky beasts (D:5)
  An ogre (D:5)
  A black bear (D:4)
  2 phantoms (D:5)
  A scorpion (D:4)
  2 wights (D:6)
  2 centaur zombies (D:5)
  An orc priest (D:5)
  A bullfrog skeleton (D:6)
  2 iguanas (D:6)
  2 orc wizards (D:5)
  A howler monkey zombie (D:5)
  9 adders
  A worm (D:2)
  2 dart slugs
  3 orcs (D:5)
  7 endoplasms
  5 giant cockroaches
  6 hobgoblins
  3 quokkas
  12 ball pythons
  5 bats
  2 frilled lizards
  8 goblins
  6 kobolds
  5 rats
95 creatures vanquished.

Vanquished Creatures (collateral kills)
  A water moccasin zombie (D:5)
  2 adders
  An orc (D:5)
  An endoplasm (D:3)
  A frilled lizard (D:3)
  A rat (D:2)
7 creatures vanquished.

Vanquished Creatures (others)
  A human zombie (D:5)
  An iguana zombie (D:6)
  An orc zombie (D:5)
3 creatures vanquished.

Grand Total: 105 creatures vanquished

Notes
Turn   | Place    | Note
-------+----------+-------------------------------------------
     0 | D:5      | cbfl8 the Minotaur Delver began the quest for the Orb.
     0 | D:5      | Reached XP level 1. HP: 19/19 MP: 0/0
     5 | D:5      | Noticed an ogre
    31 | D:4      | Identified the +2 pair of gloves "Luheicwix" {Dex+3}
   119 | D:4      | Found a staircase to the Ecumenical Temple.
   135 | Temple   | Entered the Ecumenical Temple
   144 | Temple   | Became a worshipper of Yredelemnul the Dark
   300 | D:3      | Reached XP level 2. HP: 24/27 MP: 1/1
   613 | D:1      | Reached XP level 3. HP: 27/33 MP: 2/2
   788 | D:1      | Found a faded altar of an unknown god.
   996 | D:1      | Reached * piety under Yredelemnul
  1576 | D:2      | Reached skill level 1 in Armour
  1720 | D:2      | Reached XP level 4. HP: 40/40 MP: 3/3
  2967 | D:3      | Reached XP level 5. HP: 46/46 MP: 2/4
  3074 | D:3      | Reached ** piety under Yredelemnul
  3075 | D:3      | Reached skill level 5 in Stealth
  3485 | D:3      | Found a stormy altar of Qazlal.
  4180 | D:4      | Noticed a black bear
  4199 | D:4      | Killed a black bear
  4200 | D:4      | Reached skill level 1 in Invocations
  4473 | D:4      | Reached XP level 6. HP: 8/52 MP: 6/6
  4554 | D:4      | Noticed Grinder
  4692 | D:4      | Killed Grinder
  5179 | D:4      | Reached XP level 7. HP: 60/60 MP: 7/7
  5446 | D:5      | Noticed Sigmund
  5463 | D:5      | Reached skill level 5 in Axes
  5463 | D:5      | Reached skill level 1 in Spellcasting
  5485 | D:5      | Killed Sigmund
  5673 | D:5      | Reached XP level 8. HP: 56/67 MP: 9/9
  5773 | D:5      | Your ally Sigmund died
  5789 | D:5      | Gained mutation: You are occasionally teleported next to
                  | monsters. [potion of mutation]
  5789 | D:5      | Gained mutation: You are weak. (Str -2) [potion of
                  | mutation]
  5802 | D:5      | Identified a scroll of acquirement
  5802 | D:5      | Acquired the +2 hat of the Arcane {rCorr Str+3 Stlth+}
  6160 | D:5      | Reached skill level 5 in Armour
  6278 | D:5      | Reached skill level 5 in Fighting
  6808 | D:6      | HP: 2/66 [wight (14)]
  7071 | D:6      | HP: 2/64 [wight (4)]
  7073 | D:6      | Slain by a wight

Illustrated notes

Levels and vault maps discovered:
D:1:      eino_arrival_cavern_d, layout_loops_corners, basic_ecumenical_altar
D:2:      layout_basic, minmay_snake_closets
D:3:      layout_basic, mainiacjoe_overflow_tiny_flanked,
          kennysheep_pointless_box, hangedman_decor_clover_reticule
D:4:      layout_basic, temple_pool_b, uniq_grinder
D:5:      layout_cave_pools, uniq_sigmund
D:6:      corexii_shack_village, layout_basic, nicolae_elyvilon_peaceful_grove,
          minmay_misc_feat_doors, uniq_eustachio
Temple:   minmay_freezing_vapour_temple

Skill      XL: |  1  2  3  4  5  6  7  8 |
---------------+-------------------------+-----
Axes           | 3 4 6 |  6.7
Armour         | 1 2 3 4 5 |  5.3
Fighting       | 4 5 |  5.1
Stealth        | 5 6 |  6.0
Dodging        | 3 4 |  4.2
Invocations    | 1 2 |  2.3
Spellcasting   | 1 2 |  2.3
Short Blades   | |  0.7

Action                   |  1- 3 |  4- 6 |  7- 9 || total
-------------------------+-------+-------+-------++-------
Melee: Hand axe          |    67 |    99 |   107 ||   273
       Headbutt          |    10 |    19 |    33 ||    62
       Dagger            |       |       |    60 ||    60
Invok: Animate Remains   |       |     9 |     6 ||    15
       Recall Undead Sla |       |     1 |       ||     1
  Use: Potion            |       |     1 |    11 ||    12
       Scroll            |       |       |     5 ||     5
 Stab: Sleeping          |    10 |     5 |       ||    15
       Fleeing           |       |       |     1 ||     1
Armor: Leather armour    |    19 |    31 |       ||    50
       Chain mail        |       |    13 |   120 ||   133
       Skin              |       |       |    23 ||    23
Dodge: Dodged            |    41 |    71 |    64 ||   176
